 Dungeon Crawl Stone Soup version 0.32-a0-290-g598725c5f2 (webtiles) character file.

Game seed: 14637300548949874081

12 Bravepunisher the Ducker (level 2, 6/16 HPs)
             Began as a Spriggan Monk on Feb 13, 2024.
             Quit the game in the Ecumenical Temple.
             The game lasted 00:02:06 (386 turns).

Bravepunisher the Ducker (Spriggan Monk)             Turns: 386, Time: 00:02:07

Health: 6/16       AC:  2    Str:  7    XL:     2   Next: 20%
Magic:  3/3        EV: 19    Int: 11    God:
Gold:   10         SH:  0    Dex: 17    Spells: 1/1 levels left

rFire   . . .        a - +0 short sword
rCold   . . .        (no shield)
rNeg    . . .        b - +0 robe
rPois   .            (helmet restricted)
rElec   .            (no cloak)
rCorr   .            (gloves unavailable)
SInv    +            (boots unavailable)
Will    .....        (no amulet)
Stlth   ++           (no ring)
HPRegen 0.22/turn    (no ring)
MPRegen 0.08/turn

%: no passive effects
@: very quick
A: very small, no large weapons, unfitting armour, see invisible, speed 3
a: no special abilities


You were in the Ecumenical Temple.
You visited 2 branches of the dungeon, and saw 6 of its levels.

You collected 10 gold pieces.

Inventory:

Hand Weapons
 a - a +0 short sword (weapon)
Armour
 b - a +0 robe (worn)
Scrolls
 e - a scroll of enchant weapon {unknown}
Potions
 c - a potion of ambrosia
 d - a potion of enlightenment {unknown}
 f - a potion of curing
 g - a potion of magic {unknown}


   Skills:
 + Level 2.6 Fighting
 - Level 3.2 Short Blades
 * Level 4.6 Dodging


You had one spell level left.
You didn't know any spells.
Your spell library was empty.

Dungeon Overview and Level Annotations

Branches:
Dungeon (6/15)             Temple (1/1) D:4

Altars:
Dithmenos
Elyvilon
Fedhas
Gozag
Kikubaaqudgha
Nemelex Xobeh
Qazlal
Ru
Sif Muna
Trog
Uskayaw
Vehumet
Wu Jian
Xom
Yredelemnul
The Shining One

Annotations:
D:4 Edmund, Sigmund


Innate Abilities, Weirdness & Mutations

You are very small and have problems with some larger weapons.
You are too small for most types of armour.
You have supernaturally acute eyesight. (SInv)
You cover ground extremely quickly. (Speed+++)


Message History

The hobgoblin attacks as it pursues you!
The hobgoblin hits you.
Edmund the Younger comes into view.
He is wielding a +0 flail of holy wrath.
Found a staircase to the Ecumenical Temple.
Edmund shouts!
You hear a shout!
Edmund says, "I might not be good at magic, but I can still kill you!"
The hobgoblin attacks as it pursues you!
The hobgoblin closely misses you. The hound closely misses you.
The hound bites you.
You see here a +0 plate armour.
Sigmund the Dreaded comes into view.
He is wielding a +0 scythe.
Sigmund shouts!
The adder attacks as it pursues you! The adder bites you.
You are poisoned.
The adder poisons you!
Sigmund's eyes start glowing with a red light.
You feel sick.
Found a stone staircase leading up.
You feel sick. Sigmund gestures at you while chanting.
You resist with some effort.
A goblin comes into view. It is wielding a +0 club.
The goblin shouts!
You feel sick.
The goblin throws a stone.
The stone completely misses you.
You feel sick.
You feel sick.
You are no longer poisoned.
Sigmund gestures wildly while chanting.
Sigmund flickers and vanishes for a moment.
There is a stone staircase leading up here.
The goblin throws a stone.
The stone barely misses you.
There is a staircase to the Ecumenical Temple here.
You climb downwards.
Welcome to the Ecumenical Temple!
Found a staircase back to the Dungeon.
There is a staircase back to the Dungeon here.
Assign waypoint to what number? (0-9)
Okay, then.
Okay, then.
Are you sure you want to abandon this character and quit the game? (Confirm with "yes".)

#............._.............#
#......≈≈...........≈≈......#
##.._..≈≈≈≈≈.....≈≈≈≈≈.._..##
#......≈≈≈≈≈≈.≈≈≈≈≈≈......#
#......≈≈≈≈≈...≈≈≈≈≈......#
##.....≈≈≈≈.....≈≈≈≈.....##
#......≈≈.......≈≈......#
#......≈.........≈......#
##.._.......@......._..##
#......≈.........≈......#
#......≈≈.......≈≈......#
##.....≈≈≈≈.....≈≈≈≈.....##
#......≈≈≈≈≈...≈≈≈≈≈......#
#......≈≈≈≈≈≈.≈≈≈≈≈≈......#
##.._..≈≈≈≈≈.....≈≈≈≈≈.._..##
#......≈≈...........≈≈......#
#............._.............#


There were no monsters in sight!

Vanquished Creatures
  An adder (D:5)
  A quokka (D:5)
2 creatures vanquished.

Notes
Turn   | Place    | Note
-------+----------+-------------------------------------------
     0 | D:1      | Bravepunisher the Spriggan Monk began the quest for the
                  | Orb.
     0 | D:1      | Reached XP level 1. HP: 11/11 MP: 2/2
    57 | D:2      | You fall into a shaft and drop 2 floors!
   122 | D:5      | Entered Level 5 of the Dungeon
   226 | D:5      | Reached XP level 2. HP: 16/16 MP: 3/3
   350 | D:4      | Noticed Edmund
   351 | D:4      | Found a staircase to the Ecumenical Temple.
   370 | D:4      | Noticed Sigmund
   385 | Temple   | Entered the Ecumenical Temple
   386 | Temple   | Quit the game

Illustrated notes

Levels and vault maps discovered:
D:1:      reono_arrival_forest_river, layout_basic,
          shapermc_ecumenical_altar_totnotflames
D:2:      layout_basic, minivault_24
D:4:      layout_loops_cross, minmay_temple_entry_drinking_statues, uniq_edmund,
          uniq_blork_the_orc, uniq_sigmund
D:5:      layout_basic, gup_sewer_entry_spiral, serial_shops,
          nicolae_shop_stone, shop, nicolae_diamond_shop, shop
D:6:      minmay_cornered_nines, layout_cave_pools
Temple:   nicolae_temple_superstar

Action                     || total
---------------------------++-------
  Melee: Short sword       ||    13
    Use: Potion            ||     1
   Stab: Sleeping          ||     1
 Armour: Robe              ||    10
  Dodge: Dodged            ||    19

Table legend: (Time is in decaauts)
 A = Elapsed time spent in this place.
 B = Non-inter-level travel time spent in this place.
 C = Inter-level travel time spent in this place.
 D = Time resting spent in this place.
 E = Time spent auto-exploring this place.
 F = Levels seen in this place.
 G = Mean time per level.
                   A        B        C        D        E       F      G
               +--------+--------+--------+--------+--------+-----+--------+
         Total |    261 |    261 |      0 |      0 |    116 |   6 |   43.5 |
       Dungeon |    260 |    260 |      0 |      0 |    116 |   5 |   52.0 |
        Temple |      0 |      0 |      0 |      0 |      0 |   1 |    0.0 |
               +--------+--------+--------+--------+--------+-----+--------+

Top non-repeatable levels by time:
     D:4: 125 daAuts
     D:5: 92 daAuts
     D:1: 31 daAuts
     D:2: 10 daAuts
     D:6: 1 daAuts
  Temple: 0 daAuts
